 Dungeon Crawl Stone Soup version 0.29-a0-1052-g6990b1bffc (webtiles) character file.

Game seed: 17370018988847529691

200 Sobieck the Cudgeller (level 5, -5/50 HPs)
             Began as an Ogre Gladiator on Aug 17, 2022.
             Slain by an iguana (7 damage)
             ... on level 4 of the Dungeon.
             The game lasted 00:07:01 (4101 turns).

Sobieck the Cudgeller (Ogre Gladiator)              Turns: 4101, Time: 00:07:01

Health: -5/50      AC:  3    Str: 20    XL:     5   Next: 78%
Magic:  5/5        EV: 10    Int:  9    God:
Gold:   111        SH:  0    Dex: 10    Spells: 4/4 levels left

rFire   . . .      SeeInvis .   a - +0 flail {mace}
rCold   . . .      Faith    .   (no shield)
rNeg    . . .      Spirit   .   b - +0 robe
rPois   .          Reflect  .   c - +0 hat
rElec   .          Harm     .   (no cloak)
rCorr   .          Rampage  .   (gloves unavailable)
Will    .....                   (boots unavailable)
Stlth   +.........              (no amulet)
HPRegen 0.16/turn               (no ring)
MPRegen 0.09/turn               (no ring)

@: no status effects
A: large, unfitting armour, tough skin 1
a: no special abilities


You were on level 4 of the Dungeon.
You visited 1 branch of the dungeon, and saw 4 of its levels.

You collected 111 gold pieces.


Innate Abilities, Weirdness & Mutations

You are too large for most types of armour.
You have tough skin. (AC +1)


   Skills:
 - Level 2.6 Fighting
 + Level 5.7 Maces & Flails
 - Level 2.0 Throwing
 - Level 2.6 Dodging


You had 4 spell levels left.
You didn't know any spells.
Your spell library was empty.

Inventory:

Hand Weapons
 a - a +0 flail (weapon) {mace}
 h - a +0 dagger of holy wrath {short}
   (You took it off a kobold on level 1 of the Dungeon)
 t - a +0 whip of flaming {mace}
   (You took it off a gnoll on level 2 of the Dungeon)
 w - a +0 quarterstaff {staff}
   (You found it on level 3 of the Dungeon)
Missiles
 d - 3 throwing nets {=f!fthrowing}
 e - a large rock {=fthrowing}
 f - 9 poisoned darts {throwing}
 l - 7 boomerangs {throwing}
 o - 38 stones (quivered) {throwing}
Armour
 b - a +0 robe (worn)
 c - a +0 hat (worn)
 v - a +0 robe
   (You found it on level 3 of the Dungeon)
Scrolls
 g - a scroll of butterflies
 m - 2 scrolls of teleportation {@r4}
 n - a scroll of summoning
 q - a scroll of fear
 r - a scroll of blinking {!r}
Potions
 i - a potion of might
 j - a potion of curing {@q1}
 u - a potion of degeneration {unknown}

Dungeon Overview and Level Annotations

Branches:
Dungeon (4/15) Zot: 19844
 Temple: D:4-7

Altars:
Yredelemnul

Shops:
D:3

:
......................
.######.......#####.#.
#<..........#####.#. .#
#####...............
#.#
#...#...#####.######..#
#..................)...
.......................
#.#.)...####..#........
#.#...#...@l..#.......#
..#...#.####.##.......#
.......................
#.#.....###......######
.................#
#.##...##..#.###.#
#............# .#
#.##....####.# .# .
...... #.# .#


You could see an iguana.


Message History

r - 2 scrolls labelled MOXUERE JAVVECS (gained 1)
q - 2 scrolls labelled YBYISADIAWN (gained 1)
You open the door.
Done exploring.
Unknown command.
Done exploring.
You see here a +0 quarterstaff {staff}.
w - a +0 quarterstaff {staff}
Okay, then.
w - a +0 quarterstaff (weapon)
{staff} Your movement speed is average.
Your attack delay is about 1.1.
Unknown command.
a - a +0 flail (weapon)
{mace} Your movement speed is average.
Your attack delay is about 1.1.
Unknown command.
(D) Dungeon
Where to? (Enter - D:3, ? - help)
There is an open door here.
There is an open door here.
There is a stone staircase leading down here.
You climb downwards.
There is a stone staircase leading up here.
Unknown command.
Unknown command.
As you read the scroll labelled FOAPEZ GUCAPH, it crumbles to dust.
You hear the tinkle of a tiny bell.
It was a scroll of butterflies.
As you read the scroll labelled EGHA MAKHAY, it crumbles to dust.
It is a scroll of amnesia.
You feel forgetful for a moment.
As you read the scroll labelled XUWIVOSIETT, it crumbles to dust.
You feel strangely unstable.
It was a scroll of teleportation.
You climb upwards.
Your surroundings suddenly seem different.
Unknown command.
Unknown command.
(D) Dungeon
Where to? (Enter - D:4, ? - help)
There is an open door here.
There is a stone staircase leading down here.
You climb downwards.
There is a stone staircase leading up here.
As you read the scroll labelled PONKOO NIMMUA, it crumbles to dust.
Wisps of shadow whirl around you...
It was a scroll of summoning.
As you read the scroll labelled IGAGUO JIBLE, it crumbles to dust.
It is a scroll of identify.
i - a potion of might
As you read the scroll labelled YBYISADIAWN, it crumbles to dust.
You assume a fearsome visage.
Nothing appears to happen.
It was a scroll of fear.
Blink to where?
Press: ? - help, Dir - move target
As you read the scroll labelled MOXUERE JAVVECS, it crumbles to dust.
It was a scroll of blinking.
You swap places.
You swap places.
There is a stone staircase leading up here.
The air fills with toxic fumes!
As you read the scroll labelled AMOITO TOSE, it crumbles to dust.
It was a scroll of poison.
Unknown command.
Unknown command.
You start waiting.
Your ball python dissolves into shadows! x2
Done waiting.
Unknown command.
Unknown command.
An endoplasm comes into view.
Danger!
An iguana comes into view.
The iguana hisses angrily.
The endoplasm quivers.
Unknown command.
The endoplasm attacks as you move away! The endoplasm hits you.
The endoplasm attacks as you move away! The endoplasm closely misses you.
The endoplasm attacks as you move away! The endoplasm closely misses you.
The endoplasm attacks as you move away! The endoplasm hits you.
Unknown command.
You sock the endoplasm!
You kill the endoplasm!
The iguana bites you!
Unknown command.
You closely miss the iguana. The iguana barely misses you.
You barely miss the iguana.
The iguana bites you but does no damage.
The iguana bites you!
You hit the iguana but do no damage. The iguana bites you!
* * * LOW HITPOINT WARNING * * *
Unknown command.
You hit the iguana. The iguana closely misses you.
You hit the iguana. The iguana bites you!
* * * LOW HITPOINT WARNING * * *
You closely miss the iguana. The iguana bites you!
* * * LOW HITPOINT WARNING * * *
Unknown command.
You hit the iguana. The iguana barely misses you.
You barely miss the iguana. The iguana closely misses you.
You barely miss the iguana. The iguana misses you.
You barely miss the iguana. The iguana bites you!
You die...

Skill      XL: |  1  2  3  4 |
---------------+-------------+-----
Maces & Flails | 3 4 5 |  5.7
Fighting       | |  2.6
Throwing       | |  2.0
Dodging        | |  2.6

Action                   |  1- 3 |  4- 6 || total
-------------------------+-------+-------++-------
Melee: Flail             |   124 |   156 ||   280
       Punch             |     1 |     1 ||     2
Throw: Stone             |    10 |    10 ||    20
  Use: Potion            |       |     2 ||     2
       Scroll            |       |     8 ||     8
 Stab: Distracted        |       |     1 ||     1
Armor: Robe              |    43 |    36 ||    79
Dodge: Dodged            |    62 |    73 ||   135

Levels and vault maps discovered:
D:1:      dpeg_arrival_round_c, layout_basic, ebering_ecumenical_altar_petrified
D:2:      layout_rooms, grunt_decor_fettered
D:3:      layout_basic, mainiacjoe_overflow_surrounded_room, serial_shops, shop,
          amcnicky_mini_corridor_feature
D:4:      layout_basic, dk_noncrumbling_2, nicolae_figureground_sparkle

Notes
Turn   | Place    | Note
-------+----------+-------------------------------------------
     0 | D:1      | Sobieck the Ogre Gladiator began the quest for the Orb.
     0 | D:1      | Reached XP level 1. HP: 22/22 MP: 1/1
   121 | D:1      | Reached skill level 3 in Maces & Flails
   132 | D:1      | Reached XP level 2. HP: 17/29 MP: 2/2
   799 | D:1      | Reached XP level 3. HP: 34/36 MP: 3/3
   976 | D:1      | Found a faded altar of an unknown god.
  1255 | D:1      | Reached skill level 4 in Maces & Flails
  1498 | D:2      | Reached XP level 4. HP: 35/44 MP: 4/4
  2228 | D:3      | HP: 11/44 [orc/+0 flail (5)]
  2241 | D:3      | HP: 7/44 [orc priest/+0 club (6)]
  2246 | D:3      | Reached skill level 5 in Maces & Flails
  2246 | D:3      | Reached XP level 5. HP: 7/50 MP: 5/5
  2578 | D:3      | HP: 12/50 [poisoned by an adder]
  3576 | D:3      | Found a basalt altar of Yredelemnul.
  3603 | D:3      | Found Gisahy's Book Shop.
  4096 | D:4      | HP: 10/50 [iguana (8)]
  4097 | D:4      | HP: 2/50 [iguana (9)]
  4101 | D:4      | Slain by an iguana

Vanquished Creatures
  An orc priest (D:3)
  4 adders
  3 gnolls
  A worm (D:2)
  4 dart slugs
  4 orcs (D:3)
  4 bats
  7 endoplasms
  2 giant cockroaches
  6 goblins
  9 hobgoblins
  8 jackals
  9 kobolds
  5 quokkas
  8 ball pythons
  5 frilled lizards
  5 rats
85 creatures vanquished.

Table legend:
 A = Non-vault XP
 B = Vault XP
 C = Vault XP percentage of total XP
 D = Non-vault monster count
 E = Vault monster count
 F = Vault count percentage of total count
                 A         B        C        D         E       F
            +---------+---------+-------+---------+---------+-------
      Total |     286 |       0 |   0.0 |      85 |       0 |   0.0
            +---------+---------+-------+---------+---------+-------
        D:1 |      78 |       0 |   0.0 |      36 |       0 |   0.0
        D:2 |      65 |       0 |   0.0 |      21 |       0 |   0.0
        D:3 |     141 |       0 |   0.0 |      27 |       0 |   0.0
        D:4 |       2 |       0 |   0.0 |       1 |       0 |   0.0
            +---------+---------+-------+---------+---------+-------

Illustrated notes

Table legend:
 A = Kills in this place as a percentage of kills in entire the game.
 B = Kills by you in this place as a percentage of kills by you in the entire game.
 C = Kills by friends in this place as a percentage of kills by friends in the entire game.
 D = Other kills in this place as a percentage of other kills in the entire game.
 E = Experience gained in this place as a percentage of experience gained in the entire game.
 F = Experience gained in this place divided by the number of levels of this place that you have seen.
                   A       B       C       D       E      F
               +-------+-------+-------+-------+-------+----------------------
         Total | 100.0 | 100.0 |   N/A |   N/A | 100.0 |  71.5
       Dungeon | 100.0 | 100.0 |   N/A |   N/A | 100.0 |  71.5
               +-------+-------+-------+-------+-------+----------------------

Table legend: (Time is in decaauts)
 A = Elapsed time spent in this place.
 B = Non-inter-level travel time spent in this place.
 C = Inter-level travel time spent in this place.
 D = Time resting spent in this place.
 E = Time spent auto-exploring this place.
 F = Levels seen in this place.
 G = Mean time per level.
                   A        B        C        D        E       F      G
               +--------+--------+--------+--------+--------+-----+--------+
         Total |   4154 |   4085 |     69 |   1304 |   2045 |   4 | 1038.5 |
       Dungeon |   4154 |   4085 |     69 |   1304 |   2045 |   4 | 1038.5 |
               +--------+--------+--------+--------+--------+-----+--------+

Top non-repeatable levels by time:
     D:3: 1757 daAuts
     D:1: 1463 daAuts
     D:2: 764 daAuts
     D:4: 168 daAuts
